 Dungeon Crawl Stone Soup version 0.20.1-1-g8b1a95d66d (webtiles) character file.

32 DorianNounverber the Charmwright (level 3, 23/29 HPs)
             Began as a Draconian Skald on Nov 29, 2017.
             Quit the game on level 2 of the Dungeon.
             The game lasted 00:06:48 (969 turns).

DorianNounverber the Charmwright (Draconian Skald)   Turns: 969, Time: 00:06:49

Health: 23/29      AC:  5    Str: 13    XL:     3   Next: 10%
Magic:  6/6        EV: 12    Int: 13    God:
Gold:   55         SH:  0    Dex: 11    Spells: 5/6 levels left

rFire    . . .     SeeInvis .   d - +0 hand axe
rCold    . . .     Gourm    .   (no shield)
rNeg     . . .     Faith    .   (armour unavailable)
rPois    .         Spirit   .   (helmet restricted)
rElec    .         Reflect  .   (no cloak)
rCorr    .         Harm     .   (no gloves)
MR       .....                  (no boots)
Stlth    +.........             (no amulet)
Regen    0.1/turn               (no ring)
MPRegen  0.1/turn               (no ring)

@: no status effects
A: unfitting armour, cold-blooded, AC +5
a: no special abilities


You were on level 2 of the Dungeon.
You were not hungry.

You visited 1 branch of the dungeon, and saw 2 of its levels.

You collected 55 gold pieces.

Inventory:

Hand Weapons
 d - a +0 hand axe (weapon)
 i - a +1 short sword of venom
Missiles
 a - 10 tomahawks (quivered)
 e - 20 arrows
 g - 7 poisoned needles
 h - 31 sling bullets
 k - 24 stones
Scrolls
 f - a scroll of immolation {unknown}
 j - a scroll of identify {unknown}
Books
 b - a book of Battle

   Spells                             Type                      Level
   a - Infusion                       Charms                       1
   b - Shroud of Golubria             Charms/Translocation         2
   c - Song of Slaying                Charms                       2
   d - Spectral Weapon                Hexes/Charms                 3
   e - Regeneration                   Charms/Necromancy            3
Comestibles
 c - a bread ration


   Skills:
 + Level 2.2 Fighting
 + Level 2.3 Axes
 + Level 0.8 Throwing
 + Level 2.4 Dodging
 + Level 2.2 Spellcasting
 + Level 3.0 Charms


You had 5 spell levels left.
You knew the following spells:

 Your Spells              Type           Power        Failure   Level  Hunger
a - Infusion              Chrm           #...         7%          1    ##.....


Dungeon Overview and Level Annotations

Branches:
Dungeon (2/15)

Altars:


Innate Abilities, Weirdness & Mutations

Your plain brown scales are hard. (AC +5)
You cannot fit into any form of body armour.
You are cold-blooded and may be slowed by cold attacks.


Message History

The kobold throws a stone.
The stone closely misses you.
The kobold throws a stone.
The stone hits you but does no damage.
You see here a stone.
The kobold hits you but does no damage.
You closely miss the kobold.
Your tail-slap misses the kobold.
The kobold misses you.
You barely miss the kobold. The kobold hits you but does no damage.
You closely miss the kobold. The kobold barely misses you.
You closely miss the kobold. The kobold hits you but does no damage.
You closely miss the kobold. The kobold barely misses you. x2
You barely miss the kobold. The kobold hits you.
You barely miss the kobold. The kobold barely misses you.
You closely miss the kobold. The kobold hits you.
You closely miss the kobold. The kobold hits you.
You hit the kobold.
You kill the kobold!
Found a fuming puce potion.
k - 24 stones (gained 3)
You see here a kobold corpse.
Are you sure you want to abandon this character and quit the game? (Confirm with "yes".)

...#.... .... ..!....
... . .#...##..#.#
..........##.#..#.#
#...............#.#
#...............#.#
#..................
#..@....#.##..#.#.#
#.†.#.........#.#.#
#. #...#
#.#.##..#)#.#
....#.(.#
#.........<.#
#.....###.#.##..#.#.#
#.....(.........#.#)#
##....###.#.##..#.#.#
#....# #.#.###.#.#.#
........ .....
#.#....


There were no monsters in sight!

Vanquished Creatures
  An adder (D:2)
  2 dart slugs (D:1)
  5 bats (D:1)
  A giant cockroach (D:1)
  3 hobgoblins
  3 kobolds
  3 frilled lizards (D:1)
  A goblin (D:1)
  3 rats (D:1)
22 creatures vanquished.

Notes
Turn   | Place    | Note
-------+----------+-------------------------------------------
     0 | D:1      | DorianNounverber the Draconian Skald began the quest for the Orb.
     0 | D:1      | Reached XP level 1. HP: 17/17 MP: 3/3
   159 | D:1      | Reached XP level 2. HP: 21/24 MP: 0/5
   244 | D:1      | Reached skill level 3 in Charms
   940 | D:2      | Reached XP level 3. HP: 27/29 MP: 6/6
   969 | D:2      | Quit the game

Skill      XL: |  1  2 |
---------------+-------+-----
Charms         | 3 |  3.0
Fighting       | |  2.2
Axes           | |  2.3
Throwing       | |  0.8
Dodging        | |  2.4
Spellcasting   | |  2.2

Action                   || total
-------------------------++-------
Melee: Hand axe          ||    57
       Tailslap          ||     3
Throw: Tomahawk          ||    21
 Cast: Infusion          ||     6
 Stab: Sleeping          ||     1
Armor: Skin              ||    21
Dodge: Dodged            ||    44
